 Dungeon Crawl Stone Soup version 0.27.1-4-g1640c2035a (webtiles) character file.

Game seed: 7184314855678328495

15 tizbic2 the Chiller (level 2, -32/24 HPs)
             Began as an Ogre Ice Elementalist on Nov 13, 2021.
             Killed by an exploding ball python (41 damage)
             ... ignited by their inner flame
             ... on level 1 of the Dungeon.
             The game lasted 00:03:30 (655 turns).

tizbic2 the Chiller (Ogre Ice Elementalist)          Turns: 655, Time: 00:03:30

Health: -32/24     AC:  3    Str: 11    XL:     2   Next: 50%
Magic:  4/5        EV: 10    Int: 16    God:
Gold:   6          SH:  0    Dex:  9    Spells: 4/5 levels left

rFire    . . .     SeeInvis .   e - +0 club
rCold    . . .     Faith    .   (no shield)
rNeg     . . .     Spirit   .   a - +0 robe
rPois    .         Reflect  .   (helmet restricted)
rElec    .         Harm     .   (no cloak)
rCorr    .         Rampage  .   (gloves unavailable)
Will     .....                  (boots unavailable)
Stlth    +.........             (no amulet)
HPRegen  0.08/turn              (no ring)
MPRegen  0.09/turn              (no ring)

@: no status effects
A: large, unfitting armour, tough skin 1
a: no special abilities


You were on level 1 of the Dungeon.
You visited 1 branch of the dungeon, and saw 1 of its levels.

You collected 6 gold pieces.

Inventory:

Hand Weapons
 b - a +0 whip
 e - a +0 club (weapon)
Missiles
 d - 6 stones (quivered)
Armour
 a - a +0 robe (worn)


   Skills:
 * Level 0.6 Maces & Flails
 + Level 2.0 Dodging
 - Level 1.4 Stealth
 + Level 2.4 Spellcasting
 + Level 3.9 Ice Magic


You had 4 spell levels left.
You knew the following spells:

 Your Spells              Type           Power      Damage    Failure   Level
a - Freeze                Ice            56%        1d7       3%          1

Your spell library contained the following spells:

 Spells                   Type           Power      Damage    Failure   Level
 Frozen Ramparts          Ice            28%        1d4       12%         3
 Ozocubu's Armour         Ice            14%        N/A       12%         3
 Hailstorm                Conj/Ice       8%         3d4       65%         4


Dungeon Overview and Level Annotations

Branches:
Dungeon (1/15)

Altars:


Innate Abilities, Weirdness & Mutations

You are too large for most types of armour.
You have tough skin. (AC +1)


Message History

The goblin closely misses you.
Casting: Freeze (safe; 3% risk of failure)
Confirm with . or Enter, or press ? or * to list all spells.
Aiming: Freeze (safe; 3% risk of failure)
Press: ? - help, Shift-Dir - straight line, f - goblin
Aim: a goblin, wielding a +0 club (severely wounded)
You freeze the goblin.
You kill the goblin!
A dart slug comes into view.
You closely miss the hobgoblin. The hobgoblin hits you.
The hobgoblin barely misses you.
Casting: Freeze (safe; 3% risk of failure)
Confirm with . or Enter, or press ? or * to list all spells.
Aiming: Freeze (safe; 3% risk of failure)
Press: ? - help, Shift-Dir - straight line, f - hobgoblin
Aim: a hobgoblin You freeze the hobgoblin.
The hobgoblin is lightly wounded.
The hobgoblin hits you. The hobgoblin hits you.
* * * LOW HITPOINT WARNING * * *
Found 25 sling bullets and 5 gold pieces.
You aren't carrying any potions.
You aren't carrying any potions.
As you read the scroll labelled VUORUT ISIETT, it crumbles to dust.
The creatures around you are filled with an inner flame!
It was a scroll of immolation.
You closely miss the hobgoblin. The hobgoblin barely misses you. x2
You closely miss the ball python. The ball python barely misses you. x2
Casting: Freeze (safe; 3% risk of failure)
Confirm with . or Enter, or press ? or * to list all spells.
Aiming: Freeze (safe; 3% risk of failure)
Press: ? - help, Shift-Dir - straight line, f - ball python, p - hobgoblin
Aim: a ball python (inner flame)
You freeze the ball python.
The ball python explodes!
The fiery explosion engulfs the hobgoblin!!
The fiery explosion engulfs you!!!
Ouch! That really hurt!
You die...

.).w#####..........#####...#...#
##### #....##.#...# #..##...#
#....##†...#...# #..######
...####..#w.#...# ##..#######
... #..#.......####.......... #.
##..........#.........#### #
.......§#...#.........# #.
........§§###....#.###.....
..........§@........ ...###
..........#......... ....#
#$..(.......####........###
............ .........##.
..###...##..###........... ..
....# ..# .....#..... ##... ...
#.... #.# #... .#... ####.#####


You could see a dart slug (inner flame).

Vanquished Creatures
  A dart slug (D:1)
  An endoplasm (D:1)
  A giant cockroach (D:1)
  2 goblins (D:1)
  2 hobgoblins (D:1)
  3 kobolds (D:1)
  A quokka (D:1)
  2 ball pythons (D:1)
  A rat (D:1)
14 creatures vanquished.

Notes
Turn   | Place    | Note
-------+----------+-------------------------------------------
     0 | D:1      | tizbic2 the Ogre Ice Elementalist began the quest for the
                  | Orb.
     0 | D:1      | Reached XP level 1. HP: 16/16 MP: 3/3
   323 | D:1      | Reached XP level 2. HP: 12/24 MP: 5/5
   655 | D:1      | Killed by an exploding ball python... ignited by their
                  | inner flame

Illustrated notes

Levels and vault maps discovered:
D:1:      psy_arrival_dodecagon, layout_rooms

Skill      XL: |  1  2 |
---------------+-------+-----
Dodging        | 2 |  2.0
Maces & Flails | |  0.6
Stealth        | |  1.4
Spellcasting   | |  2.4
Ice Magic      | |  3.9

Action                   || total
-------------------------++-------
Melee: Short sword       ||    12
       Unarmed           ||     3
       Club              ||    21
 Cast: Freeze            ||    15
  Use: Scroll            ||     1
 Stab: Sleeping          ||     1
Armor: Robe              ||    15
Dodge: Dodged            ||    27
